 Dungeon Crawl Stone Soup version 0.25-a0-310-g60f0ac2d9a (webtiles) character file.

Game seed: 17777794194756513860, levelgen mode: deterministic

324 Glalom the Cudgeler (level 6, 0/37 HPs)
             Began as a Gargoyle Fighter on Dec 23, 2019.
             Slain by an orc priest
             ... wielding a +2 trident of flaming
              (2 damage)
             ... on level 3 of the Dungeon.
             The game lasted 00:07:19 (4436 turns).

Glalom the Cudgeler (Gargoyle Fighter)              Turns: 4436, Time: 00:07:21

Health: 0/37       AC: 11    Str: 26    XL:     6   Next: 48%
Magic:  6/6        EV:  7    Int:  9    God:
Gold:   132        SH:  9    Dex:  9    Spells: 5/5 levels left

rFire    . . .     SeeInvis .   a - +0 flail
rCold    . . .     Gourm    .   c - +0 shield
rNeg     + . .     Faith    .   b - +0 scale mail
rPois    ∞         Spirit   .   (no helmet)
rElec    +         Reflect  .   (no cloak)
rCorr    .         Harm     .   (no gloves)
MR       .....                  (no boots)
Stlth    ..........             (no amulet)
HPRegen  0.12/turn              h - ring of poison resistance
MPRegen  0.10/turn              (no ring)

@: mighty
A: negative energy resistance 1, electricity resistance, unbreathing,
petrification resistance, rot immunity, AC +4
a: no special abilities


You were on level 3 of the Dungeon.
You were not hungry.

You visited 1 branch of the dungeon, and saw 3 of its levels.

You collected 132 gold pieces.

Inventory:

Hand Weapons
 a - a +0 flail (weapon)
Armour
 b - a +0 scale mail (worn)
 c - a +0 shield (worn)
Jewellery
 h - a ring of poison resistance (left hand)
Wands
 g - a wand of digging (6)
Scrolls
 e - 4 scrolls of identify {unknown}
 l - a scroll of remove curse {unknown}
Potions
 i - 2 potions of invisibility {unknown}
 j - a potion of brilliance {unknown}
 k - 2 potions of curing
Comestibles
 f - 5 rations
 m - a chunk of flesh


   Skills:
 - Level 3.2 Fighting
 + Level 6.6 Maces & Flails
 - Level 3.2 Armour
 + Level 3.3 Shields


You had 5 spell levels left.
You didn't know any spells.
Your spell library was empty.

Dungeon Overview and Level Annotations

Branches:
Dungeon (3/15)

Altars:
Kikubaaqudgha
Qazlal
Xom


Innate Abilities, Weirdness & Mutations

You are resistant to torment.
Your stone body is resilient. (AC +4)
You are immune to poison.
You resist negative energy. (rN+)
You are resistant to electric shocks. (rElec)
You can survive without breathing.
You are immune to petrification.
You are immune to rotting.


Message History

* * * LOW HITPOINT WARNING * * *
The jackal bites you but does no damage.
The jackal barely misses you.
The orc priest drinks a potion.
The orc priest seems to grow stronger.
The jackal bites you but does no damage.
The jackal bites you.
* * * LOW HITPOINT WARNING * * *
You see here a jackal corpse.
You feel very mighty all of a sudden.
A rat comes into view.
You block the orc priest's attack.
The jackal bites you but does no damage. x2
You sock the orc priest!
The orc priest is heavily wounded.
The jackal closely misses you.
The jackal bites you but does no damage.
The orc priest hits you with a +2 trident of flaming.
* * * LOW HITPOINT WARNING * * *
The orc priest burns you.
You die...

.. #. .## ..# .##.# .
#.# #..#.###. # ... #%#
#........##
.....###.#####......>...
.....ro@....[.....>...##
.....##hh..............#
.......(#...##.........#
. ...######.............
## #######..........
#...............#
#.....#.†..##..
#....##.....[.###
#....##........#.


You could see an orc priest, 2 jackals and a rat.

Vanquished Creatures
  An orc priest (D:3)
  An orc wizard (D:3)
  Natasha (thrice) (D:2)
  6 adders
  2 oozes
  A worm (D:3)
  3 dart slugs (D:2)
  6 leopard geckos
  10 orcs
  A ball python (D:1)
  3 giant cockroaches
  7 goblins
  4 hobgoblins
  9 jackals
  9 kobolds
  A quokka (D:3)
  A ball python skeleton (D:3)
  3 bats
  6 frilled lizards
  7 rats
84 creatures vanquished.

Vanquished Creatures (others)
  An orc wizard (D:2)
1 creature vanquished.

Grand Total: 85 creatures vanquished

Notes
Turn   | Place    | Note
-------+----------+-------------------------------------------
     0 | D:1      | Glalom the Gargoyle Fighter began the quest for the Orb.
     0 | D:1      | Reached XP level 1. HP: 14/14 MP: 1/1
   524 | D:1      | You fall into a shaft and drop 1 floor!
   551 | D:2      | Reached XP level 2. HP: 18/19 MP: 2/2
   592 | D:2      | Reached skill level 3 in Maces & Flails
   680 | D:2      | Reached XP level 3. HP: 17/23 MP: 3/3
  1426 | D:1      | Found an ancient bone altar of Kikubaaqudgha.
  1430 | D:1      | Found an ancient bone altar of Kikubaaqudgha.
  1430 | D:1      | Found a stormy altar of Qazlal.
  1435 | D:1      | Found a shimmering altar of Xom.
  1435 | D:1      | Found a stormy altar of Qazlal.
  1435 | D:1      | Found a shattered altar of Ashenzari.
  1528 | D:1      | Reached skill level 4 in Maces & Flails
  1819 | D:2      | Noticed Natasha
  1823 | D:2      | Reached XP level 4. HP: 28/28 MP: 4/4
  2183 | D:2      | Killed Natasha
  2557 | D:2      | Noticed Natasha
  2567 | D:2      | Killed Natasha
  2567 | D:2      | Reached skill level 5 in Maces & Flails
  2567 | D:2      | Reached XP level 5. HP: 20/32 MP: 5/5
  3409 | D:2      | Noticed Natasha
  3428 | D:2      | Killed Natasha
  3879 | D:2      | Reached skill level 6 in Maces & Flails
  3879 | D:2      | Reached XP level 6. HP: 11/37 MP: 6/6
  4436 | D:3      | Slain by an orc priest

Levels and vault maps discovered:
D:1:      dpeg_arrival_fog, layout_loops_corners, hangedman_decor_opposing,
          st_stairs_14, doesnt_xom_only_xom
D:2:      layout_basic, uniq_natasha
D:3:      layout_rooms, grunt_ministairs_14

Skill      XL: |  1  2  3  4  5 |
---------------+----------------+-----
Maces & Flails | 3 4 5 6 |  6.6
Fighting       | |  3.2
Armour         | |  3.2
Shields        | |  3.3

Action                   |  1- 3 |  4- 6 || total
-------------------------+-------+-------++-------
Melee: Flail             |   124 |   187 ||   311
  Use: Potion            |       |     1 ||     1
  Eat: Chunk             |     2 |    10 ||    12
Armor: Scale mail        |    61 |   137 ||   198
Dodge: Dodged            |    28 |    66 ||    94
Block: Shield            |    45 |   115 ||   160

Table legend:
 A = Non-vault XP
 B = Vault XP
 C = Vault XP percentage of total XP
 D = Non-vault monster count
 E = Vault monster count
 F = Vault count percentage of total count
                 A         B        C        D         E       F
            +---------+---------+-------+---------+---------+-------
      Total |     420 |      43 |   9.3 |      80 |       5 |   5.9
            +---------+---------+-------+---------+---------+-------
        D:1 |      46 |       3 |   6.1 |      18 |       2 |  10.0
        D:2 |     211 |      36 |  14.6 |      39 |       1 |   2.5
        D:3 |     163 |       4 |   2.4 |      23 |       2 |   8.0
            +---------+---------+-------+---------+---------+-------
